 Dungeon Crawl Stone Soup version 0.26-a0-812-g31a745ddcd (webtiles) character file.

Game seed: 122634838140303144

70 Lanoc the Conjurer (level 4, -4/36 HPs)
             Began as a Deep Dwarf Conjurer on Nov 22, 2020.
             Slain by an iguana (7 damage)
             ... on level 3 of the Dungeon.
             The game lasted 00:04:45 (2918 turns).

Lanoc the Conjurer (Deep Dwarf Conjurer)            Turns: 2918, Time: 00:04:46

Health: -4/36      AC:  4    Str: 11    XL:     4   Next: 4%
Magic:  3/6        EV: 13    Int: 19    God:
Gold:   142        SH:  0    Dex: 11    Spells: 3/6 levels left

rFire    . . .     SeeInvis .   (no weapon)
rCold    . . .     Faith    .   (no shield)
rNeg     . . .     Spirit   .   a - +0 robe
rPois    .         Reflect  .   b - +2 hat
rElec    .         Harm     .   (no cloak)
rCorr    .         Rampage  .   (no gloves)
MR       +....                  (no boots)
Stlth    ++........             (no amulet)
HPRegen  0.00/turn              f - ring of protection from magic
MPRegen  0.10/turn              (no ring)

@: very slightly contaminated, non-regenerating
A: damage resistance, heal wounds, sense surroundings 1, no regeneration
a: Heal Wounds


You were on level 3 of the Dungeon.
You visited 1 branch of the dungeon, and saw 4 of its levels.

You collected 142 gold pieces.

Inventory:

Armour
 a - a +0 robe (worn)
 b - a +2 hat (worn)
Jewellery
 f - a ring of protection from magic (left hand)
Scrolls
 d - 4 scrolls of identify


   Skills:
 + Level 3.2 Dodging
 - Level 2.4 Stealth
 - Level 1.7 Spellcasting
 * Level 4.7 Conjurations


You had 3 spell levels left.
You knew the following spells:

 Your Spells              Type           Power        Failure   Level
a - Magic Dart            Conj           ###.         2%          1
b - Searing Ray           Conj           ###...       3%          2

Your spell library contained the following spells:

 Spells                   Type           Power        Failure   Level
 Conjure Flame            Conj/Fire      ##......     21%         3
 Dazzling Flash           Conj/Hex       ##....       21%         3
 Blink                    Tloc           N/A          26%         2
 Call Imp                 Summ           #.......     26%         2
 Slow                     Hex            #.......     26%         2
 Mephitic Cloud           Conj/Pois/Air  #.......     26%         3
 Fulminant Prism          Conj/Hex       ##........   54%         4
 Iskenderun's Mystic Bla  Conj/Tloc      ##......     54%         4


Dungeon Overview and Level Annotations

Branches:
Dungeon (4/15)
 Temple: D:4-7

Altars:
Elyvilon
Hepliaklqana
Nemelex Xobeh

Annotations:
D:3 Sigmund


Innate Abilities, Weirdness & Mutations

You are resistant to damage.
You can heal yourself by infusing magical energy.
You passively map a small area around you.
You do not regenerate.


Message History

There is a stone staircase leading down, spattered with blood here.
As you read the scroll labelled RYEKA OMIZUE, it crumbles to dust.
You feel aware of your surroundings.
It was a scroll of magic mapping.
The iguana misses you. The iguana barely misses you.
There is an open door here.
You see here a poisoned dart.
You see here a poisoned dart.
You see here a +0 dagger.
You see here a poisoned dart.
There is an open door here.
Casting: Magic Dart (safe; 2% risk of failure)
Confirm with . or Enter, or press ? or * to list all spells.
Aiming: Searing Ray (safe; 3% risk of failure)
Press: ? - help, Shift-Dir - straight line, f - iguana
Aim: an iguana (moderately wounded)
You miscast Searing Ray.
You are very lightly contaminated with residual magic.
Nothing appears to happen.
The iguana bites you!
You die...

...##.............#.#+#'######.##
...##.............#..........#.#.
...####...........#..........##.#
..## #†.....†....#..........#.##
### #...........#....(.....#.#.
##...[......#..........#..#
###################..........####
.......##########.#........(..##.
.......'.......l@.#........(.....
.......##########.#.#.###.....###
.............#....#.#.# #..)..#
......##(#...#.####.#.# #..<..#
......##.#####.# #.#.# #.....#
......##.)((...# #.#.# #.....#
......##(...#######.#.# #######
......''....'.......#.#
......##....#########.# #


You could see an iguana.

Vanquished Creatures
  A gnoll (D:1)
  An adder (D:2)
  A worm (D:2)
  A dart slug (D:1)
  4 orcs
  3 giant cockroaches
  3 hobgoblins (D:1)
  7 kobolds
  A ball python (D:3)
  5 bats
  2 frilled lizards
  8 goblins
  5 rats
42 creatures vanquished.

Vanquished Creatures (others)
  A goblin (D:3)
1 creature vanquished.

Grand Total: 43 creatures vanquished

Notes
Turn   | Place    | Note
-------+----------+-------------------------------------------
     0 | D:1      | Lanoc the Deep Dwarf Conjurer began the quest for the Orb.
     0 | D:1      | Reached XP level 1. HP: 15/15 MP: 3/3
   509 | D:1      | Reached XP level 2. HP: 19/22 MP: 0/4
   582 | D:1      | Reached skill level 4 in Conjurations
   735 | D:1      | Reached XP level 3. HP: 24/28 MP: 0/5
   739 | D:1      | Learned a level 2 spell: Searing Ray
  1483 | D:3      | Noticed Sigmund
  1776 | D:3      | Found a white marble altar of Elyvilon.
  2191 | D:3      | Found a sparkling altar of Nemelex Xobeh.
  2380 | D:3      | Found a hazy altar of Hepliaklqana.
  2738 | D:3      | Reached XP level 4. HP: 13/36 MP: 2/6
  2918 | D:3      | Slain by an iguana

Illustrated notes

Levels and vault maps discovered:
D:1:      dpeg_arrival_central, layout_basic, serial_bayou,
          serial_bayou_lagoon_a, serial_bayou_pond_d, serial_bayou_pond_c,
          serial_bayou_lake_a
D:2:      layout_basic, uniq_natasha, uniq_jessica, uniq_terence
D:3:      layout_basic, marbit_many_paths, elyvilon_altar_4,
          nicolae_overflow_hidden_temple, uniq_sigmund
D:4:      layout_gridville, nicolae_dithmenos_through_a_glass_darkly,
          minmay_temple_entry_sparse_star, roderic_roman_lattice

Skill      XL: |  1  2  3 |
---------------+----------+-----
Conjurations   | 4 |  4.7
Dodging        | 3 |  3.2
Stealth        | |  2.4
Spellcasting   | |  1.7

Action                   |  1- 3 |  4- 6 || total
-------------------------+-------+-------++-------
Melee: Unarmed           |    18 |       ||    18
 Cast: Magic Dart        |    67 |     7 ||    74
       Searing Ray       |     6 |     1 ||     7
  Use: Scroll            |     5 |     1 ||     6
       Potion            |     2 |       ||     2
Armor: Robe              |     6 |       ||     6
Dodge: Dodged            |    28 |     7 ||    35

Table legend: (Time is in decaauts)
 A = Elapsed time spent in this place.
 B = Non-inter-level travel time spent in this place.
 C = Inter-level travel time spent in this place.
 D = Time resting spent in this place.
 E = Time spent auto-exploring this place.
 F = Levels seen in this place.
 G = Mean time per level.
                   A        B        C        D        E       F      G
               +--------+--------+--------+--------+--------+-----+--------+
         Total |   2946 |   2816 |    130 |    192 |   2199 |   4 |  736.5 |
       Dungeon |   2946 |   2816 |    130 |    192 |   2199 |   4 |  736.5 |
               +--------+--------+--------+--------+--------+-----+--------+

Top non-repeatable levels by time:
     D:3: 1658 daAuts
     D:1: 833 daAuts
     D:2: 347 daAuts
     D:4: 107 daAuts
